[Event "*** Titled Tuesday Blitz"]
[Site "Chess.com"]
[Date "2020.05.05"]
[Round "4"]
[White "semchik73"]
[Black "Majesth"]
[Result "1/2-1/2"]
[WhiteElo "2207"]
[BlackElo "2431"]
[TimeControl "180+1"]
[EndTime "10:41:36 PDT"]
[Termination "Game drawn - insufficient material"]

1. Nf3 g6 2. c4 Bg7 3. d4 d6 4. Nc3 Bg4 5. e3 Nc6 6. Be2 e5 7. dxe5 dxe5 8. Qb3 Rb8 9. h3 Be6 10. Nd5 Nge7 11. e4 h6 12. O-O O-O 13. Rd1 Nd4 14. Nxd4 exd4 15. Bf4 Bxd5 16. cxd5 g5 17. Bg3 Ng6 18.
Rac1 Nf4 19. Bxf4 gxf4 20. Qf3 Be5 21. g3 fxg3 22. fxg3 Qg5 23. Kg2 f5 24. h4 Qg6 25.
exf5 Rxf5 26. Qb3 Rbf8 27. Rf1 Rxf1 28. Rxf1 Qe4+ 29. Bf3 Qg6 30. Be2 Rxf1 31. Bxf1 Bd6 32. Qd3 Qg7 33. Be2 Kf7 34. Bh5+ Ke7 35. Qe4+ Be5 36.
g4 Kd6 37. Bg6 Qf6 38. Qf5 Qxf5 39. Bxf5 Kxd5 40. Kf3 d3 41. Bxd3 Kd4 42. Be4 b6 43. g5 hxg5 44. hxg5 Kc4 45. b3+ Kc3 46. Kg4 Kb2 47.
a4 Kxb3 48. Bc6 Kb4 49. Kf5 Bc3 50. g6 a6 51. Ke6 Kc5 52. Be8 b5 53. axb5 axb5 54.
Kd7 Be5 55. g7 Bxg7 56. Kxc7 b4 57. Bf7 Kd4 58. Kc6 Kc3 59. Kb5 b3 60. Bxb3 1/2-1/2

[Event "*** Titled Tuesday Blitz"]
[Site "Chess.com"]
[Date "2020.05.05"]
[Round "4"]
[White "Vaathi_Coming"]
[Black "evgenyermolaev"]
[Result "1-0"]
[WhiteElo "2847"]
[BlackElo "2594"]
[TimeControl "180+1"]
[EndTime "10:41:37 PDT"]
[Termination "Vaathi_Coming won on time"]

1. e4 c5 2. Nf3 d6 3. c3 Nf6 4.
Be2 g6 5. O-O Bg7 6. Bb5+ Nbd7 7. Re1 O-O 8. d4 a6 9. Bf1 b5 10. e5 Ne8 11. a4 Rb8 12. axb5 axb5 13. Bg5 dxe5 14. dxc5 f6 15. c6 fxg5 16. cxd7 Bxd7 17. Nxe5 Nd6 18. Qd5+ Kh8 19. Nxd7 Qxd7 20. Nd2 b4 21. Ne4 bxc3 22. bxc3 Qf5 23. Qxf5 gxf5 24. Nxd6 exd6 25. Rac1 Rfe8 26. Red1 Be5 27. Rc2 Rbc8 28. c4 Kg7 29. g3 Kf6 30. Rb1 Bd4 31. Kg2 Bc5 32. Bd3 Re7 33.
Rcb2 Rce8 34. Rb8 Rxb8 35. Rxb8 Re5 36. Rf8+ Ke6 37. f4 gxf4 38. gxf4 Re3 39. Bxf5+ Ke7 40. Rh8 Rc3 41. Rxh7+ Kf6 42. Be4 Rxc4 43. Kf3 Rc3+ 44. Kg4 Rc4 45. Bd5 Rd4 46. Rf7+ Kg6 47. Be6 Re4 48.
Rb7 Kf6 49. Bd5 Rd4 50. Ba2 Rb4 51. Rf7+ Kg6 52. h4 Rb2 53. h5+ Kh6 54. Bd5 Be3 55. Be4 1-0

[Event "*** Titled Tuesday Blitz"]
[Site "Chess.com"]
[Date "2020.05.05"]
[Round "4"]
[White "Sosat98"]
[Black "Poghosyan_Suren"]
[Result "1-0"]
[WhiteElo "2680"]
[BlackElo "2477"]
[TimeControl "180+1"]
[EndTime "10:41:37 PDT"]
[Termination "Sosat98 won by resignation"]

1. e4 e6 2. d4 d5 3. Nd2 Be7 4.
Ngf3 Nf6 5. e5 Nfd7 6. c3 c5 7.
Bd3 Nc6 8. O-O g5 9. dxc5 g4 10. Nd4 Ndxe5 11. Bb5 Bd7 12. b4 h5 13. Re1 Ng6 14. Nxc6 bxc6 15. Bd3 Rg8 16. Nb3 Qc7 17. c4 Ne5 18. Bf4 Nf3+ 19. Qxf3 gxf3 20. Bxc7 Rxg2+ 21. Kh1 Bf6 22. Rad1 Rc8 23. Bd6 h4 24. cxd5 cxd5 25. b5 Bc3 26. Re3 Rxf2 27. Rf1 Rxf1+ 28. Bxf1 Bb4 29.
Rxf3 e5 30. Bxe5 Bxc5 31. Rc3 Bb6 32. Rxc8+ Bxc8 33. Bd4 Bd7 34. Bxb6 axb6 35. a4 Ke7 36. Kg2 Kd6 37. Kf3 Ke5 38. Ke3 f5 39. Bd3 d4+ 40.
Kd2 Be6 41. Nc1 f4 42. Be2 Bd5 43. Nd3+ Ke4 44. Nf2+ Ke5 45. Bg4 f3 46. h3 Kd6 47.
Kd3 Kc5 48. Ne4+ Kb4 49. Nf6 f2 50. Be2 Kc5 51. Nxd5 Kxd5 52. Bf1 Kc5 53. Bg2 Kb4 54. Kxd4 Kxa4 55. Bf1 Kb4 56. Ke3 Kc5 57. Kxf2 Kd6 58.
Kf3 Ke5 59. Kg4 1-0

[Event "*** Titled Tuesday Blitz"]
[Site "Chess.com"]
[Date "2020.05.05"]
[Round "4"]
[White "theblitzchamp"]
[Black "atalz0"]
[Result "1-0"]
[WhiteElo "2679"]
[BlackElo "2476"]
[TimeControl "180+1"]
[EndTime "10:41:37 PDT"]
[Termination "theblitzchamp won on time"]

1. d4 d5 2. Bf4 Bf5 3. Nf3 e6 4. e3 Bd6 5. Bg5 f6 6. Bh4 Ne7 7. Nbd2 c5 8. c3 Nbc6 9. Be2 g5 10. Bg3 h5 11. Qb3 c4 12. Qxb7 Rb8 13. Qa6 Rxb2 14. Qa4 Bc2 15. Qa6 Rb6 16. Nxc4 Rxa6 17. Nxd6+ Kf8 18.
Bxa6 h4 19. Nb7 Qb6 20. Nc5 Kf7 21. Bd6 Qb2 22. O-O Nf5 23. Bc7 g4 24. Ne1 Qxa1 25.
Nxc2 Qxc3 26. Bd3 g3 27. hxg3 hxg3 28. fxg3 Nxe3 29. Nxe3 Qxd4 30. Rf3 Qxc5 31. Bf4 Nd4 32. Rf1 Nf5 33. Bxf5 exf5 34. Rd1 d4 35. Nf1 d3+ 36. Be3 Qc2 37. Rc1 Qxa2 38. Rc7+ Kg6 39. Rd7 Qc2 40. Nd2 Re8 41. Kf2 Rxe3 42. Kxe3 a5 43. Rxd3 Qc5+ 44.
Ke2 a4 45. Kd1 a3 46. Nb3 Qb4 47. Kc2 a2 48. Rd1 Qc4+ 49. Kb2 Qe2+ 50. Rd2 Qa6 51. Rd1 Qa4 52. Ra1 Qe4 53. Rxa2 Qxg2+ 54. Kb1 Qxg3 55.
Nc1 Qe1 56. Re2 Qf1 57. Kc2 f4 58. Kd2 f3 59. Re8 f2 60. Nd3 Qg2 61. Nf4+ 1-0

[Event "*** Titled Tuesday Blitz"]
[Site "Chess.com"]
[Date "2020.05.05"]
[Round "4"]
[White "Munkhzul_Turmunkh"]
[Black "Vusatiuk_Vladimir"]
[Result "1/2-1/2"]
[WhiteElo "2523"]
[BlackElo "2330"]
[TimeControl "180+1"]
[EndTime "10:41:37 PDT"]
[Termination "Game drawn by repetition"]

1. e4 c5 2. Nf3 Nc6 3. d4 cxd4 4. Nxd4 e5 5. Nb5 d6 6. c4 Be7 7. N1c3 a6 8. Na3 Be6 9. Nd5 Bxd5 10. cxd5 Nd4 11. Be3 Bf6 12. Bd3 Ne7 13. O-O O-O 14.
Rc1 Rc8 15. Qd2 b5 16. h3 Qd7 17. Rxc8 Rxc8 18. Rc1 g6 19. Bf1 Bg7 20. Nc2 Nxc2 21. Rxc2 f5 22. f3 Bf6 23. Qc1 Bh4 24. Rxc8+ Nxc8 25. a4 f4 26. Bd2 Bd8 27. axb5 axb5 28. Bxb5 Bb6+ 29. Kh1 Qxb5 30. Qxc8+ Kg7 31. Qc1 h5 32. Qe1 g5 33. Bc3 Qb3 34. Kh2 Qc2 35. Qd2 Qb1 36. Qe1 Qc2 37. Qd2 Qb1 38. Qe1 Qa2 39. Qd2 g4 40. hxg4 hxg4 41. fxg4 Qb1 42. Qe1 Qd3 43. Qh4 Qf1 44. Qg5+ Kf7 45. Qf5+ Ke7 46. Qh7+ Kd8 47. Qg8+ Kc7 48. Qf7+ Kb8 49. Qe8+ Ka7 50. Qa4+ Kb7 51. Qd7+ Ka6 52. Qa4+ Kb7 53. Qc6+ Ka7 54.
Qa4+ Kb7 1/2-1/2

[Event "*** Titled Tuesday Blitz"]
[Site "Chess.com"]
[Date "2020.05.05"]
[Round "4"]
[White "Piotrek1979"]
[Black "IriBu"]
[Result "1-0"]
[WhiteElo "2288"]
[BlackElo "2444"]
[TimeControl "180+1"]
[EndTime "10:41:37 PDT"]
[Termination "Piotrek1979 won by resignation"]

1. Nf3 Nf6 2. g3 b6 3. Bg2 Bb7 4. O-O e6 5. d3 Be7 6. e4 d5 7.
Nc3 c5 8. Re1 Nc6 9. exd5 exd5 10. Bf4 O-O 11. Ne5 Rc8 12. Bh3 Ra8 13. Nxc6 Bxc6 14. Qf3 h6 15. Re2 Bd6 16. Rae1 Bxf4 17. Qxf4 Re8 18. Re5 d4 19. Rxe8+ Nxe8 20. Ne4 Bxe4 21.
Qxe4 Nf6 22. Qc6 Rb8 23. a4 Qd5 24. Qc7 Qb7 25. Re7 Qxc7 26. Rxc7 a5 27. b3 Nd5 28.
Rd7 Nb4 29. Bg2 Nxc2 30. Bd5 Rf8 31. Rb7 Nb4 32. Bc4 h5 33. Rxb6 h4 34. Rb5 h3 35.
Rxc5 Re8 36. f3 Re2 37. Rc8+ Kh7 38. Bxf7 Nc2 39. Bd5 Rg2+ 40. Kh1 Ne3 41. Be4+ Kh6 42. Rc6+ Kh5 43. f4 Rd2 44. Bf3+ Ng4 45. Rc5+ Kh6 46. Bxg4 Rxd3 47. Rc6+ g6 48. f5 Rxb3 49. Rxg6+ Kh7 50. Bxh3 d3 51. Bg4 d2 52. Rd6 Rb4 53. h3 Rxa4 54.
f6 Kg6 55. Rxd2 Ra1+ 56. Kg2 a4 57. Rd6 a3 58. Ra6 a2 59. h4 Kf7 60. Bh5+ Kg8 61. Bg6 Rg1+ 62. Kxg1 a1=Q+ 63. Rxa1 1-0

[Event "*** Titled Tuesday Blitz"]
[Site "Chess.com"]
[Date "2020.05.05"]
[Round "4"]
[White "salomez"]
[Black "Bacyanide"]
[Result "0-1"]
[WhiteElo "2225"]
[BlackElo "2432"]
[TimeControl "180+1"]
[EndTime "10:41:37 PDT"]
[Termination "Bacyanide won on time"]

1. e4 c6 2. Nc3 d5 3. Nf3 dxe4 4. Nxe4 Nf6 5. Nxf6+ exf6 6. d4 Bd6 7. Bd3 O-O 8. Be3 Re8 9. O-O Nd7 10. c4 Nf8 11. Qc2 Bg4 12. Nd2 Bc7 13. Ne4 f5 14.
Nc5 f4 15. Bd2 f3 16. g3 Qxd4 17. Be3 Rxe3 18. fxe3 Qxe3+ 19. Qf2 Qxf2+ 20. Kxf2 Be5 21. Nb3 Bxb2 22. Rab1 Ba3 23. Be4 Be6 24. Nd2 Rd8 25. Rfd1 Bc5+ 26. Kxf3 Rd7 27. Nb3 Rxd1 28. Rxd1 Bb4 29.
Rd8 Bxc4 30. Rd4 Bxb3 31. Rxb4 Bxa2 32. Rxb7 Bd5 33. Bxd5 cxd5 34. Rxa7 g6 35. Ra5 d4 36. Ke4 Ne6 37. Ke5 Kg7 38. Ra7 h5 39. Rd7 g5 40.
h4 gxh4 41. gxh4 Kg6 42. Ke4 Kf6 43. Rd6 Ke7 44. Rd5 Kf6 0-1

[Event "*** Titled Tuesday Blitz"]
[Site "Chess.com"]
[Date "2020.05.05"]
[Round "4"]
[White "Fandorine"]
[Black "1random"]
[Result "1-0"]
[WhiteElo "2807"]
[BlackElo "2527"]
[TimeControl "180+1"]
[EndTime "10:41:38 PDT"]
[Termination "Fandorine won by checkmate"]

1. e4 d5 2. exd5 Nf6 3. d4 Bg4 4. Be2 Bxe2 5. Qxe2 Qxd5 6. Nf3 e6 7. O-O Nc6 8. Nc3 Qh5 9. Bf4 O-O-O 10. Rad1 Nd5 11.
Bg3 Bd6 12. Ne4 Bxg3 13. hxg3 Nf6 14. Nxf6 gxf6 15. Rfe1 Rd7 16. c3 Rhd8 17. b4 Kb8 18.
a4 Qf5 19. b5 Na5 20. c4 Nb3 21. Qb2 Na5 22. Qc3 b6 23. d5 e5 24. Nd2 Nb7 25. Nb3 h5 26. a5 Qg4 27. a6 Nd6 28. Nd2 h4 29. Qf3 Qxf3 30. gxf3 hxg3 31. fxg3 Rg8 32. Kf2 Rh8 33. Rh1 Rdd8 34. Rde1 Kc8 35. Ke2 Nf5 36. Ne4 Nd4+ 37. Kf2 f5 38. Nf6 Rxh1 39. Rxh1 Nc2 40. Rc1 Nb4 41. Ke3 Rd6 42. Nh5 Rh6 43. g4 fxg4 44. fxg4 f5 45. Kf3 e4+ 46. Kf4 Nd3+ 47. Kg5 Rxh5+ 48. gxh5 Nxc1 49. h6 e3 50. h7 e2 51. h8=Q+ Kd7 52. Qe5 f4 53. Kf6 f3 54.
Qe7+ Kc8 55. Qe8# 1-0

[Event "*** Titled Tuesday Blitz"]
[Site "Chess.com"]
[Date "2020.05.05"]
[Round "4"]
[White "Mili_Brizzi"]
[Black "quesfr"]
[Result "1-0"]
[WhiteElo "2446"]
[BlackElo "2249"]
[TimeControl "180+1"]
[EndTime "10:41:38 PDT"]
[Termination "Mili_Brizzi won by resignation"]

1. d4 d5 2. c4 e6 3. Nf3 Nf6 4. g3 Bb4+ 5. Bd2 Bd6 6. Bg2 c6 7.
O-O Nbd7 8. Qc2 O-O 9. Bc3 Qe7 10. Nbd2 e5 11. cxd5 Nxd5 12. Nc4 Nxc3 13. Nxd6 Qxd6 14. Qxc3 exd4 15. Nxd4 Qc5 16. Qxc5 Nxc5 17. Rfd1 Be6 18. Rac1 Na4 19. Nxe6 fxe6 20. b3 Nb6 21. Rd6 Kf7 22.
Rcd1 Ke7 23. e4 Nd5 24. e5 Rad8 25. Rxd8 Rxd8 26. f4 Nc3 27. Rxd8 Kxd8 28. a4 Ne2+ 29. Kf2 Nc1 30. Be4 g6 31. Bc2 Na2 32. Ke3 Nb4 33.
Be4 Kd7 34. g4 b6 35. f5 gxf5 36. gxf5 h6 37. f6 Nd5+ 38. Bxd5 exd5 39. f7 Ke7 40. e6 c5 41. Kd3 a6 42. Kc3 b5 43. axb5 axb5 44. b4 c4 45. Kd4 h5 46. h4 Kf8 47.
Kxd5 Ke7 48. Kd4 Kf8 49. Ke5 Ke7 50. Kd4 Kf8 51. Ke4 Ke7 52. Kf4 Kf8 53. Kf5 Ke7 54.
Kg6 c3 55. Kg7 c2 56. f8=Q+ Kxe6 57. Qc8+ 1-0

[Event "*** Titled Tuesday Blitz"]
[Site "Chess.com"]
[Date "2020.05.05"]
[Round "4"]
[White "nadirsm"]
[Black "SmirnovAlexandrA"]
[Result "0-1"]
[WhiteElo "2135"]
[BlackElo "2323"]
[TimeControl "180+1"]
[EndTime "10:41:38 PDT"]
[Termination "SmirnovAlexandrA won on time"]

1. d4 Nf6 2. Bf4 g6 3. Nc3 Bg7 4. e4 d6 5. Be2 O-O 6. h4 h5 7. Nf3 c5 8. d5 a6 9. a4 Bg4 10. Ng5 Nbd7 11. f3 b5 12. axb5 axb5 13. Rxa8 Qxa8 14. fxg4 b4 15. Nb1 e5 16. Be3 hxg4 17.
Bxg4 c4 18. O-O Nxg4 19. Qxg4 Nf6 20. Qe2 Rc8 21. Nd2 Qa2 22. Rb1 c3 23. bxc3 bxc3 24. Rd1 cxd2 25. Rxd2 Rc4 26. c3 Qa1+ 27. Rd1 Qxc3 28.
Rb1 Nxe4 29. Rb8+ Bf8 30. Nxe4 Rxe4 31. Rxf8+ Kxf8 32. Bh6+ Kg8 33. Qxe4 f5 34. Qa4 Qc5+ 35. Kh2 Qxd5 36. Qd7 Qf7 37. Qxd6 e4 38. Bf4 Kh7 39. Be5 g5 40. hxg5 Qh5+ 41. Kg1 Qxg5 42. Bf4 Qg4 43. Qe7+ Kg8 44. Qe6+ Kg7 45. Qh6+ Kf7 46. Qh7+ Ke6 47. Qh6+ Kd5 48. Qd6+ Kc4 49. Qd2 Kc5 50. Be3+ Kc6 51. Qc3+ Kd5 52. Qd4+ Ke6 53. Qb6+ Kd5 0-1

[Event "*** Titled Tuesday Blitz"]
[Site "Chess.com"]
[Date "2020.05.05"]
[Round "4"]
[White "davigator"]
[Black "RianKapriaga"]
[Result "1-0"]
[WhiteElo "2313"]
[BlackElo "2133"]
[TimeControl "180+1"]
[EndTime "10:41:38 PDT"]
[Termination "davigator won on time"]

1. e4 e5 2. Nf3 Nc6 3. Bb5 a6 4. Ba4 Nf6 5. O-O Be7 6. Re1 b5 7. Bb3 d6 8. c3 O-O 9. h3 Nb8 10. d4 Nbd7 11. Nbd2 c5 12. Nf1 Re8 13. Ng3 h6 14. a4 Rb8 15. axb5 axb5 16. Be3 exd4 17. cxd4 Bf8 18. Bc2 Bb7 19. d5 Ra8 20. b3 g6 21.
Qd3 Bg7 22. Rxa8 Qxa8 23. Qxb5 Ba6 24. Qa5 Bb7 25. Qd2 Kh7 26. Bf4 Qa6 27. Bd3 Qb6 28.
Bc4 Rd8 29. Qc1 Ba6 30. Nd2 Bb7 31. Nb1 Re8 32. Nc3 Ne5 33. Na4 Qa5 34. Bd2 Qa7 35. Bb5 Re7 36. Bc3 Ba6 37. Bxa6 Qxa6 38. Qd2 Qb5 39.
Bxe5 Rxe5 40. Re3 h5 41. Qc2 Re8 42. Nc3 Qb4 43. Kh2 Nd7 44. Nce2 Bh6 45. f4 Nb6 46. Rf3 Nd7 47. Qc3 Qxc3 48. Nxc3 Bg7 49. Nb5 Bf8 50.
Re3 Nf6 51. Nf1 Re7 52. Nd2 Nxd5 53. Rf3 Nb4 54. g4 Rb7 55. Nc3 hxg4 56. hxg4 Bg7 57. Ne2 Kg8 58. Ng3 Nc6 59. g5 Nd4 60. Rd3 Ra7 61. Kh3 Ra2 62. Kg4 Rb2 63. f5 Be5 64. f6 Kf8 65. Ngf1 Ke8 66. Ne3 Kd7 67.
Nec4 1-0

[Event "*** Titled Tuesday Blitz"]
[Site "Chess.com"]
[Date "2020.05.05"]
[Round "4"]
[White "elisak43"]
[Black "violetflower04"]
[Result "1-0"]
[WhiteElo "2429"]
[BlackElo "2212"]
[TimeControl "180+1"]
[EndTime "10:41:41 PDT"]
[Termination "elisak43 won by checkmate"]

1. e4 c5 2. Nf3 e6 3. c4 d5 4. cxd5 exd5 5. e5 Nc6 6. d4 cxd4 7. Bd3 Bg4 8. O-O Bxf3 9. Qxf3 Nxe5 10. Bb5+ Nc6 11. Nd2 Nf6 12. Nb3 Qb6 13. Bxc6+ bxc6 14. Bg5 Ne4 15. Rfe1 Bd6 16. Rxe4+ dxe4 17. Qxe4+ Kf8 18. Re1 h6 19. Bh4 g5 20. Bg3 Bxg3 21. hxg3 Rd8 22.
Qe7+ Kg7 23. Nc5 Rhe8 24. Ne6+ Kg8 25. Qf6 Rxe6 26. Rxe6 d3 27. Qxh6 Qc5 28. Qf6 fxe6 29. Qxd8+ Kf7 30. Qxd3 Qc1+ 31. Kh2 Qxb2 32. Qd7+ Kf6 33.
Qxa7 Qc2 34. Qd4+ e5 35. Qd6+ Kf5 36. Qf8+ Ke6 37. Qg8+ Kd6 38. Qxg5 Qxa2 39. Qf6+ Kd7 40. g4 e4 41. Qf5+ Qe6 42. Qh7+ Kd6 43. g5 c5 44. g6 Qe5+ 45. g3 Qf6 46. Kg1 Qf3 47. g7 Qd1+ 48. Kh2 Qf3 49. g8=Q Qxf2+ 50. Kh3 Qf1+ 51. Kh4 Qf3 52.
Qgg6+ Ke5 53. Qgh5+ Kd4 54. Qxf3 exf3 55. Qc2 Ke3 56. g4 f2 57. Qd1 c4 58. Kg3 c3 59. Qf1 c2 60. Qxf2+ Kd3 61. Qxc2+ Kxc2 62. g5 Kd2 63. g6 Ke2 64. g7 Kf1 65. g8=Q Kg1 66.
Kf3+ Kh1 67. Qg2# 1-0

[Event "*** Titled Tuesday Blitz"]
[Site "Chess.com"]
[Date "2020.05.05"]
[Round "4"]
[White "Larina_Marija"]
[Black "ChelsieMonica"]
[Result "0-1"]
[WhiteElo "2146"]
[BlackElo "2337"]
[TimeControl "180+1"]
[EndTime "10:41:41 PDT"]
[Termination "ChelsieMonica won by checkmate"]

1. e4 e5 2. Nf3 Nc6 3. Nc3 Nf6 4.
Bb5 d6 5. d4 exd4 6. Nxd4 Bd7 7.
Bxc6 bxc6 8. Qf3 Be7 9. e5 dxe5 10. Nxc6 Bxc6 11. Qxc6+ Nd7 12. Nb5 O-O 13. Qxc7 a6 14.
Qxd8 Raxd8 15. Nc3 Bb4 16. Bd2 Nb6 17. O-O-O Nc4 18.
Be1 Rb8 19. Na4 Be7 20. Rd7 Bg5+ 21. Kb1 Na3+ 22. Ka1 Nxc2+ 23. Kb1 Rfc8 24. Bc3 Na3+ 25. Ka1 Nc2+ 26. Kb1 Na3+ 27. Ka1 Nb5 28. Bxe5 Rd8 29. Rhd1 Rxd7 30. Rxd7 Rc8 31. Rd1 f6 32. Bg3 f5 33. f4 Bf6 34. Kb1 Rb8 35. Be1 Na3+ 36.
Kc1 Rc8+ 37. Nc3 Nc4 38. Rd3 Rb8 39. b3 Na3 40. g3 Rc8 41. Kb2 Nb5 42. a4 Nc7 43. Ka2 Ne6 44. Re3 Kf7 45. Bd2 Bd4 46. Rd3 Bf6 47. h3 h5 48. Kb2 Nc5 49. Re3 Rb8 50.
Ka2 Nxb3 51. Be1 Nc1+ 52. Ka3 Rb3# 0-1

[Event "*** Titled Tuesday Blitz"]
[Site "Chess.com"]
[Date "2020.05.05"]
[Round "4"]
[White "kleopl"]
[Black "PetrolulSah"]
[Result "0-1"]
[WhiteElo "2438"]
[BlackElo "2275"]
[TimeControl "180+1"]
[EndTime "10:41:42 PDT"]
[Termination "PetrolulSah won on time"]

1. c4 Nf6 2. Nc3 d5 3. cxd5 Nxd5 4. Nf3 g6 5. Qb3 Nb6 6. d4 Bg7 7. Bg5 O-O 8. e3 Nc6 9. Bb5 Be6 10. Qd1 Bc4 11. Bxc4 Nxc4 12. Qe2 Nd6 13. O-O Nf5 14. Rac1 h6 15. Bf4 g5 16. Bg3 Nxg3 17. hxg3 e6 18.
a3 Ne7 19. b4 c6 20. Rfd1 Nd5 21. Na4 Qe7 22. Nc5 a5 23. Qd2 axb4 24. axb4 Ra3 25.
Rb1 Rfa8 26. Rdc1 Ra2 27. Rc2 Ra1 28. Rcc1 R8a2 29. Qe1 Rxb1 30. Rxb1 b6 31. Nd3 Qa7 32. Rc1 Qa3 33. Nde5 Nxb4 34. Qc3 Qa4 35. Nxc6 Nxc6 36. Qxc6 Qxc6 37. Rxc6 Ra1+ 38. Kh2 Rb1 39. Nd2 Rb4 40.
g4 b5 41. Kg3 Rb2 42. Ne4 b4 43. Nc5 Bf8 44. Rc8 Kg7 45. Nd7 Be7 46. Re8 Bf6 47.
Rb8 Rb1 48. Rb7 b3 49. Nc5 b2 50. Nd3 e5 51. dxe5 Be7 52. Nxb2 Ba3 53. e6 Rxb2 54.
Rxf7+ Kg8 55. Ra7 Rb3 0-1

[Event "*** Titled Tuesday Blitz"]
[Site "Chess.com"]
[Date "2020.05.05"]
[Round "4"]
[White "Aygehovit1992"]
[Black "Oglob71"]
[Result "1-0"]
[WhiteElo "2678"]
[BlackElo "2474"]
[TimeControl "180+1"]
[EndTime "10:41:43 PDT"]
[Termination "Aygehovit1992 won by checkmate"]

1. e4 c5 2. Nf3 e6 3. d4 cxd4 4. Nxd4 a6 5. Nc3 Qc7 6. Be2 Nf6 7. O-O Bb4 8. Qd3 Nc6 9. Nxc6 dxc6 10. Bg5 e5 11. Bxf6 gxf6 12. Nd1 Be6 13. Qf3 Qe7 14. Ne3 h5 15. Bc4 h4 16. Nf5 Bxf5 17. Qxf5 h3 18. g3 b5 19. Be2 Qe6 20. Bg4 Qxf5 21. Bxf5 Rd8 22. Rfd1 Bd2 23. Kf1 Ke7 24. Ke2 Ba5 25. Rxd8 Rxd8 26. Rd1 Bb6 27. Rxd8 Bxd8 28. Bxh3 a5 29.
Bc8 Bb6 30. h4 b4 31. h5 Bd4 32. b3 Kf8 33. Bd7 c5 34. Bc6 Kg7 35. Bd5 Bb2 36.
f3 Bc1 37. Kd3 Bg5 38. Kc4 Be3 39. Kb5 Bf2 40. g4 Bd4 41. Kxa5 Be3 42. Kb5 Bd4 43. Kc6 Be3 44. Kd7 Bd4 45. Ke7 Be3 46. Bxf7 Bd4 47. Bc4 Be3 48. Kd6 Bd4 49. Ke6 Be3 50. Kf5 Bd2 51. Ke6 Be3 52. Kd5 Kh6 53. Kd6 Kg7 54. Be6 Bd4 55. Kd5 Be3 56. g5 fxg5 57. Kxe5 Bd4+ 58. Kf5 Kh6 59. Bf7 Be3 60. e5 Kg7 61.
e6 Kf8 62. h6 g4 63. h7 Kg7 64. e7 gxf3 65. e8=Q f2 66. h8=Q# 1-0

[Event "*** Titled Tuesday Blitz"]
[Site "Chess.com"]
[Date "2020.05.05"]
[Round "4"]
[White "Chessmatus"]
[Black "AwareIdea"]
[Result "1-0"]
[WhiteElo "2380"]
[BlackElo "2583"]
[TimeControl "180+1"]
[EndTime "10:41:43 PDT"]
[Termination "Chessmatus won by resignation"]

1. e4 e5 2. Nf3 Nc6 3. Bb5 a6 4. Ba4 Nf6 5. O-O Nxe4 6. d4 b5 7. Bb3 d5 8. dxe5 Be6 9. Be3 Be7 10. Nbd2 Nc5 11. c3 Nd7 12. Re1 O-O 13. Bf4 g5 14.
Bg3 Kh8 15. Bc2 Na5 16. Nb3 Nxb3 17. Qd3 f5 18. exf6 Nxf6 19. Be5 Bg8 20. axb3 g4 21. Ng5 Qd7 22. Nxh7 Rf7 23. Nxf6 Bxf6 24. Qg6 Bxe5 25. Rxe5 Bh7 26. Rh5 Rg8 27. Qd3 Rgg7 28. Qd4 Kg8 29.
Bxh7+ Rxh7 30. Rxd5 Qe6 31. Rd8+ Rf8 32. Rxf8+ Kxf8 33. Rd1 Re7 34. Qf4+ Kg7 35. g3 c5 36. Qg5+ Kf7 37.
Qd5 Qxd5 38. Rxd5 Re2 39. Rxc5 Rxb2 40. b4 Rb3 41. Kg2 Ke6 42. h3 gxh3+ 43. Kxh3 Kd6 44. g4 a5 45. Rxb5 a4 46. Ra5 a3 47. f4 Rxc3+ 48. Kh4 Kc6 49. Kg5 Kb6 50. f5 Rb3 51. f6 Rf3 52. Kg6 Rf4 53. g5 Rxb4 54. Rxa3 1-0

[Event "*** Titled Tuesday Blitz"]
[Site "Chess.com"]
[Date "2020.05.05"]
[Round "4"]
[White "Grandmaster2B"]
[Black "kleinebeer98"]
[Result "0-1"]
[WhiteElo "2477"]
[BlackElo "2688"]
[TimeControl "180+1"]
[EndTime "10:41:44 PDT"]
[Termination "kleinebeer98 won by resignation"]

1. e4 e5 2. Nf3 Nc6 3. Bb5 f5 4. d3 fxe4 5. dxe4 Nf6 6. O-O d6 7. h3 Be7 8. Re1 O-O 9. Nc3 Kh8 10. Nd5 Be6 11. c3 Rc8 12. Ba4 Qe8 13. Bc2 Bd8 14. Ng5 Bg8 15. Ne3 Qg6 16. Nf5 Nh5 17. Qg4 Nf6 18.
Qd1 h6 19. Nf3 Bh7 20. N3h4 Qe8 21. Re3 Nh5 22. Qg4 Bg5 23. Rf3 Nf6 24. Qg3 Nh5 25.
Qg4 Bxc1 26. Rxc1 Rg8 27. Bb3 Nf6 28. Qg3 Nxe4 29. Qg4 Nd2 30. Bxg8 Nxf3+ 31. gxf3 Qxg8 32. b4 Rf8 33. b5 Bxf5 34. Nxf5 Qf7 35. bxc6 Qxf5 36.
Qxf5 Rxf5 37. cxb7 Rf8 38. Rb1 Rb8 39. Kg2 g6 40. a4 Kg7 41. a5 a6 42. c4 Kf6 43.
Kg3 Ke6 44. f4 exf4+ 45. Kxf4 Kd7 46. Ke4 Kc6 47. Rg1 g5 48. h4 Re8+ 49. Kd3 gxh4 50. Rh1 Kxb7 51. Rxh4 Rf8 52. Rxh6 Rxf2 53. Rh5 Kc6 54. Ke3 Rb2 55. Kd4 Rd2+ 56. Kc3 Re2 57. Kd3 Re5 58. Rh6 Rxa5 59. Kd4 Ra1 60. c5 Rd1+ 61.
Kc4 Rc1+ 0-1

[Event "*** Titled Tuesday Blitz"]
[Site "Chess.com"]
[Date "2020.05.05"]
[Round "4"]
[White "Bigfish1995"]
[Black "Harut-1998"]
[Result "0-1"]
[WhiteElo "3101"]
[BlackElo "2740"]
[TimeControl "180+1"]
[EndTime "10:41:45 PDT"]
[Termination "Harut-1998 won by resignation"]

1. e4 e5 2. Nf3 Nc6 3. Bb5 a6 4. Ba4 Nf6 5. O-O Be7 6. Re1 b5 7. Bb3 d6 8. c3 O-O 9. d4 Bg4 10.
Be3 exd4 11. cxd4 Na5 12. Bc2 Nc4 13. Bc1 c5 14. b3 Nb6 15. Bb2 Qc7 16. Nbd2 Rfe8 17.
h3 Bh5 18. Rc1 Rac8 19. Nf1 c4 20. Bb1 Bg6 21. d5 Nfd7 22. Ng3 Bf6 23. Bxf6 Nxf6 24. Nd4 Qc5 25. Nc6 Rxc6 26. dxc6 Qxc6 27. Qd4 Qc5 28. Red1 Qxd4 29. Rxd4 d5 30. exd5 Nfxd5 31. Bxg6 hxg6 32. bxc4 bxc4 33. Ne4 Re6 34. Kf1 a5 35. Nc3 Nxc3 36. Rxc3 f6 37. h4 Kf7 38. Re3 Rc6 39. Ke2 Rc5 40. Rc3 g5 41. h5 Ke6 42. Re3+ Kf7 43.
Rc3 Ke6 44. Kf3 f5 45. g4 Ke5 46. Rd8 Nd5 47. Rc1 fxg4+ 48. Kxg4 c3 49. Kxg5 Ke4 50. Kg6 Nf4+ 51. Kxg7 Ne6+ 52. Kf6 Nxd8 53. h6 Rc6+ 54. Kg7 Ne6+ 55. Kg8 Ng5 56. h7 Nxh7 57. Kxh7 Kd3 58.
f4 Kd2 59. Rh1 c2 60. Rh2+ Kd3 61. Rh3+ Ke4 62. Rc3 Rxc3 0-1

[Event "*** Titled Tuesday Blitz"]
[Site "Chess.com"]
[Date "2020.05.05"]
[Round "4"]
[White "GigaQuparadze"]
[Black "LizaSolovyova"]
[Result "1-0"]
[WhiteElo "2826"]
[BlackElo "2558"]
[TimeControl "180+1"]
[EndTime "10:41:45 PDT"]
[Termination "GigaQuparadze won by resignation"]

1. e4 e5 2. Nf3 d6 3. d4 Qe7 4. Nc3 c6 5. Bc4 h6 6. O-O Nf6 7. h3 g5 8. Nh2 Rg8 9. dxe5 dxe5 10. Ng4 Nxg4 11. hxg4 Nd7 12. Ne2 Nf6 13. Ng3 Bxg4 14. Qd3 Rd8 15. Qc3 Qc7 16. Be3 a5 17. a3 h5 18. f3 Be6 19. Bxe6 fxe6 20. Qb3 Kf7 21. Bb6 a4 22. Bxc7 axb3 23. Bxd8 Bc5+ 24. Kh1 Rxd8 25. cxb3 Rd2 26. b4 Bd4 27. Rad1 Rxb2 28. Rfe1 Bf2 29. Re2 Rxe2 30. Nxe2 g4 31. Nc1 Ke7 32. Nb3 Ne8 33. Nc5 b6 34. Nd3 Bd4 35. f4 exf4 36.
Nxf4 c5 37. bxc5 bxc5 38. Nxh5 Nd6 39. Ng3 Be5 40. Ne2 Nxe4 41. Rc1 Kd6 42. a4 Nf2+ 43. Kg1 Nd3 44. Rc4 g3 45. a5 Kd5 46. a6 Bb8 47. Rg4 Nb4 48. Nc3+ Kc6 49. a7 Bxa7 50. Rxg3 c4+ 51.
Kf1 Nd3 52. Ke2 Bd4 53. Ne4 e5 54. Nd2 c3 55. Kxd3 cxd2 56. Kxd2 Kd5 57. Rg4 Ke6 58.
Ke2 Kf5 59. Kf3 Bb2 60. Re4 Bc1 61. g4+ Kf6 62. Rc4 Bf4 63. Rc6+ Kg5 64. Rc5 Kf6 65.
Rc8 Kg5 66. Rf8 Kg6 67. Rf5 Kh6 68. Ke4 Kg6 69. Rh5 Kf6 70. Rf5+ Kg6 71. Kf3 Kg7 72. g5 Kg6 73. Kg4 Kg7 74. Rf6 Bc1 75. Kf5 Bf4 76.
Rg6+ Kf7 77. Rf6+ Kg7 78. Rc6 Kf7 79. Rc7+ Kf8 80. g6 Bg3 81. g7+ Kg8 82. Kg6 1-0

[Event "*** Titled Tuesday Blitz"]
[Site "Chess.com"]
[Date "2020.05.05"]
[Round "4"]
[White "neurisdr"]
[Black "stolencandy13"]
[Result "1-0"]
[WhiteElo "2797"]
[BlackElo "2545"]
[TimeControl "180+1"]
[EndTime "10:41:45 PDT"]
[Termination "neurisdr won by checkmate"]

1. e4 c6 2. c4 d5 3. cxd5 cxd5 4.
exd5 Nf6 5. Nc3 Nxd5 6. Nf3 Nc6 7.
d4 Bg4 8. Bb5 Rc8 9. h3 Bxf3 10.
Qxf3 e6 11. O-O Be7 12. Nxd5 Qxd5 13. Qxd5 exd5 14. Be3 O-O 15. Rac1 Bf6 16. Rfd1 a6 17. Be2 Nb4 18. Rc5 Rxc5 19. dxc5 Bxb2 20. Rb1 Ba3 21.
Bd1 Nxa2 22. Rxb7 Nc3 23. Bg4 f5 24. Bf3 Ne4 25. c6 Rc8 26. c7 Kf7 27. Bd1 Bc5 28.
Bb3 Ke6 29. Bxc5 Nxc5 30. Rb6+ Kd7 31. Bxd5 Rxc7 32. Rb8 Kd6 33. Ba2 Ra7 34. Rd8+ Kc6 35. Rc8+ Kb5 36. Rb8+ Rb7 37. Rf8 g6 38. g4 fxg4 39.
hxg4 a5 40. f4 a4 41. f5 gxf5 42.
gxf5 a3 43. f6 Ne4 44. f7 Ng5 45. Bd5 Rb6 46. Rh8 Nxf7 47. Bxf7 Ra6 48. Ba2 Kb4 49.
Rc8 Ra5 50. Rc4+ Kb5 51. Rh4 Ra4 52. Rh5+ Kb6 53. Rh6+ Kb5 54. Rxh7 Rb4 55. Ra7 Ra4 56. Rb7+ Kc5 57. Rb3 Rg4+ 58. Kf2 Ra4 59. Ke3 Ra5 60. Rd3 Kb4 61. Rb3+ Ka4 62. Rb8 Rb5 63. Ra8+ Ra5 64. Rc8 Rb5 65. Kd4 Rb2 66. Bc4 a2 67. Kc3 Rh2 68. Ra8# 1-0